 Dungeon Crawl Stone Soup version 0.29-a0-409-gd843f3a48c (webtiles) character file.

Game seed: 13380755519947362076

59 Agony the Shield-Bearer (level 3, -2/33 HPs)
             Began as a Minotaur Fighter on May 13, 2022.
             Slain by Grinder (4 damage)
             ... on level 3 of the Dungeon.
             The game lasted 00:02:53 (1713 turns).

Agony the Shield-Bearer (Minotaur Fighter)          Turns: 1713, Time: 00:02:54

Health: -2/33      AC:  7    Str: 22    XL:     3   Next: 78%
Magic:  2/2        EV:  6    Int:  5    God:
Gold:   120        SH: 14    Dex:  9    Spells: 2/2 levels left

rFire   . . .      SeeInvis .   a - +1 flail
rCold   . . .      Faith    .   n - +2 tower shield
rNeg    . . .      Spirit   .   b - +0 scale mail
rPois   +          Reflect  .   (helmet restricted)
rElec   .          Harm     .   (no cloak)
rCorr   .          Rampage  .   (no gloves)
Will    .....                   (no boots)
Stlth   ..........              (no amulet)
HPRegen 0.11/turn               f - ring of poison resistance
MPRegen 0.08/turn               (no ring)

@: mighty, lethally poisoned (-2 -> -4)
A: horns 2, retaliatory headbutt
a: no special abilities


You were on level 3 of the Dungeon.
You visited 1 branch of the dungeon, and saw 3 of its levels.

You collected 144 gold pieces.
You spent 24 gold pieces at shops.

Inventory:

Hand Weapons
 a - a +1 flail (weapon)
Missiles
 i - 4 silver javelins (quivered)
Armour
 b - a +0 scale mail (worn)
 c - a +0 buckler
 n - a +2 tower shield (worn)
Jewellery
 f - a ring of poison resistance (left hand)
Scrolls
 e - a scroll of magic mapping {unknown}
 h - 2 scrolls of enchant weapon
 k - a scroll of teleportation {unknown}
 m - a scroll of amnesia {unknown}
 o - a scroll of poison {unknown}
Potions
 g - 6 potions of curing
 j - 2 potions of magic
 l - a potion of brilliance {unknown}
 p - a potion of attraction {unknown}
 q - a potion of lignification {unknown}
 r - a potion of degeneration {unknown}


   Skills:
 + Level 4.1 Fighting
 + Level 3.0 Maces & Flails
 + Level 4.2 Armour
 + Level 1.0 Dodging
 * Level 4.3 Shields


You had 2 spell levels left.
You didn't know any spells.
Your spell library contained the following spells:

 Spells                   Type           Power      Damage    Failure   Level
 Ensorcelled Hibernation  Hex/Ice        0%         N/A       100%        2
 Ignite Poison            Fire/Tmut/Pois 0%         N/A       100%        3
 Mephitic Cloud           Conj/Pois/Air  0%         N/A       100%        3
 Spider Form              Tmut/Pois      0%         N/A       100%        3
 Airstrike                Air            0%         N/A       100%        4
 Anguish                  Hex/Necr       0%         N/A       100%        4
 Summon Lightning Spire   Summ/Air       0%         N/A       100%        4
 Freezing Cloud           Conj/Ice/Air   0%         6-21      100%        5
 Lightning Bolt           Conj/Air       0%         1d11      100%        5


Dungeon Overview and Level Annotations

Branches:
Dungeon (3/15)

Altars:

Shops:
D:2 (   D:3 ?

Annotations:
D:3 Grinder


Innate Abilities, Weirdness & Mutations

You have a pair of horns on your head.
You reflexively headbutt those who attack you in melee.


Message History

You feel very sick.
Grinder blinks!
You hit the orc.
The orc is almost dead.
You feel very sick. The orc priest hits you with a +0 club.
You block the orc's attack.
The orc priest mumbles some strange prayers to Beogh against you.
You barely resist.
You are too injured to fight recklessly!
You are too injured to fight recklessly!
You are too injured to fight recklessly!
You are too injured to fight recklessly!
You are too injured to fight recklessly!
You are too injured to fight recklessly!
You are too injured to fight recklessly!
You are too injured to fight recklessly!
You are too injured to fight recklessly!
You are too injured to fight recklessly!
You are too injured to fight recklessly!
You are too injured to fight recklessly!
You are too injured to fight recklessly!
You are too injured to fight recklessly!
You are too injured to fight recklessly!
You are too injured to fight recklessly!
You are too injured to fight recklessly!
You are too injured to fight recklessly!
Unknown command.
You feel very mighty all of a sudden.
You feel sick.
You hear some strange, mumbled words.
Something tries to affect you, but you resist.
Grinder gestures at you. Pain shoots through your body!
* * * LOW HITPOINT WARNING * * *
The orc priest hits you but does no damage.
The orc hits you but does no damage.
You closely miss the orc priest.
You feel sick. Grinder hits you.
* * * LOW HITPOINT WARNING * * *
You writhe in agony.
You die...

######## ##########
#......# #........###
#......#####...........
+......................
#......#####...........
#......# #...........
#....5.# #...........
#....o@# #.....†)....
#....o.# #........###
#.....o#####.....)..###
........................
........#####........##.
........# #........##.
........# ############
........# # #


You could see Grinder, an orc priest and 2 orcs.

Vanquished Creatures
  2 adders (D:2)
  A worm (D:1)
  2 dart slugs (D:2)
  3 orcs
  2 endoplasms
  2 giant cockroaches
  A goblin (D:3)
  5 hobgoblins
  4 kobolds (D:1)
  2 quokkas
  A ball python (D:2)
  A frilled lizard (D:2)
  4 rats
30 creatures vanquished.

Notes
Turn   | Place    | Note
-------+----------+-------------------------------------------
     0 | D:1      | Agony the Minotaur Fighter began the quest for the Orb.
     0 | D:1      | Reached XP level 1. HP: 19/19 MP: 0/0
   238 | D:1      | Found a faded altar of an unknown god.
   334 | D:1      | Reached XP level 2. HP: 23/27 MP: 1/1
   841 | D:2      | Reached XP level 3. HP: 12/33 MP: 2/2
  1434 | D:2      | Found Fyrhag's Weapon Shop.
  1521 | D:3      | Found Tuidawut's Magic Scroll Shop.
  1525 | D:3      | Bought a scroll of identify for 24 gold pieces
  1587 | D:3      | Reached skill level 1 in Dodging
  1709 | D:3      | Noticed Grinder
  1713 | D:3      | Slain by Grinder

Illustrated notes

Levels and vault maps discovered:
D:1:      ncdulo_wetmaze, layout_rooms, hellmonk_ecumenical_altar_slurped_away,
          nicolae_wormholes
D:2:      layout_rooms, serial_shops, nicolae_shop_bloodbath_and_beyond
D:3:      layout_basic, zin_purify, amcnicky_altar_gilded, serial_shops, shop,
          st_stairs_10, uniq_jessica, uniq_sigmund, uniq_grinder

Skill      XL: |  1  2  3 |
---------------+----------+-----
Shields        | 4 |  4.3
Armour         | 4 |  4.2
Fighting       | 4 |  4.1
Maces & Flails | 3 |  3.0
Dodging        | 1 |  1.0

Action                   || total
-------------------------++-------
Melee: Flail             ||    69
       Headbutt          ||     7
  Use: Scroll            ||     3
       Potion            ||     1
Armor: Scale mail        ||    37
Dodge: Dodged            ||    15
Block: Buckler           ||     3
       Tower shield      ||    42

Table legend: (Time is in decaauts)
 A = Elapsed time spent in this place.
 B = Non-inter-level travel time spent in this place.
 C = Inter-level travel time spent in this place.
 D = Time resting spent in this place.
 E = Time spent auto-exploring this place.
 F = Levels seen in this place.
 G = Mean time per level.
                   A        B        C        D        E       F      G
               +--------+--------+--------+--------+--------+-----+--------+
         Total |   1753 |   1735 |     18 |    183 |   1311 |   3 |  584.3 |
       Dungeon |   1753 |   1735 |     18 |    183 |   1311 |   3 |  584.3 |
               +--------+--------+--------+--------+--------+-----+--------+

Top non-repeatable levels by time:
     D:1: 841 daAuts
     D:2: 694 daAuts
     D:3: 217 daAuts
